Nobbs, chaotic male human Barbarian ----------------------------------------------------------------------- |.....|}}}}}}}}}.............................................}}}}}}}}}| |.---<|}-------}}}}}}}}}}}}}}}}}}}}}}}}}}1}}}}}}2}}}}}}}}}}}}}-------}| |...|.|}| |}| |.|.--|}| 3 |}| |.|...|}------ ----- ---------2 ------------------------}| -----.|}}}}}}| ....| ......... 2 22|)))))))-.-[[[[...|}}}}}}- |.....|.....}| ......| |......22222|)))))))|.|[[[[..[|}...... |.----|.%..%}|........|- -|......32222|--------%--------|}.....- |.|...|.....}....{....- -.......22122I....^..$^...^..^-......| |.|.|.|.....}|........|- -|.....2.2222|--------%--------|}.....| |.|.|.......}| ......| |......22213|*******|.|%%%%%%%|}.....| |.|.|--}}}}}}| .....| ......... 224 |*******-.-%%%%%%%|}}}}}}| |.[(|.|}------ ------ --------- ------------------------}| |`---.| | | |.|...| |[|.|.| |...|.| ------- Nobbs the Brigand Experience level: 12 Strength: 18/23 Dexterity: 16 Constitution: 18 Intelligence: 7 Wisdom: 12 Charisma: 9 Health: 0(122) Energy: 33(33) Def: 23 Gold: 1962 Moves: 22985 Dungeon seed: uvRuZz7pe_VStJ4Q Game ID: Nobbs_1510064905 Your Inventory: Coins $ - 1962 gold pieces Wands c - a wand of teleportation (0:4) e - a cursed wand of digging (0:4) h - a wand of lightning (0:3) j - a wand of secret door detection (0:15) k - a wand of cancellation (0:6) n - a wand of fire (0:3) o - a wand of lightning (0:5) B - a wand of opening (0:5) C - a wand of teleportation (0:6) D - a wand of speed monster (0:7) E - a wand of sleep (0:7) F - a wand of undead turning (0:7) J - a cursed wand of speed monster (0:3) L - a wand of digging (0:2) N - a wand of slow monster (0:6) S - a wand of magic missile (0:4) T - a wand of digging (0:3) U - a cursed wand of sleep (0:8) V - a wand of cancellation (0:5) Y - a cursed wand of striking (0:5) Amulets w - an uncursed amulet of ESP K - an uncursed amulet of magical breathing (being worn) Weapons f - the blessed rustproof +3 Frost Brand (weapon in hand) Armor a - an uncursed +0 pair of leather gloves b - an uncursed +0 pair of gauntlets of power i - an uncursed +0 pair of low boots r - an uncursed +0 pair of levitation boots (being worn) y - a blessed fireproof +5 cloak of magic resistance (being worn) z - an uncursed +0 pair of jumping boots M - an uncursed thoroughly rusty +0 dwarvish iron helm (being worn) P - a blessed +5 silver dragon scale mail (being worn) Z - an uncursed +0 shield of reflection (being worn) Comestibles g - an uncursed lizard corpse I - 2 uncursed food rations Scrolls v - an uncursed scroll of teleportation X - an uncursed scroll of create monster Potions H - an uncursed potion of healing Rings l - an uncursed ring of free action (on right hand) s - an uncursed ring of see invisible (on left hand) A - an uncursed +2 ring of gain strength Tools d - a blessed greased bag of holding t - an uncursed credit card u - a +0 unicorn horn x - an uncursed magic whistle G - an uncursed towel Q - a +0 pick-axe R - the blessed rustproof Master Key of Thievery W - a blessed oil lamp (0:1298) Gems q - an uncursed luckstone Contents of the bag of holding: 8605 gold pieces a wand of digging (0:6) a wand of enlightenment (0:14) a wand of light (0:11) a wand of locking (0:6) a wand of magic missile (0:5) a wand of nothing (0:4) a wand of striking (0:7) a wand of teleportation (0:6) a wand of teleportation (0:5) a wand of teleportation (0:4) a wand of teleportation (0:4) a wand of undead turning (0:5) a +0 battle-axe 4 uncursed food rations 3 uncursed lembas wafers an uncursed lichen corpse 4 uncursed slime molds 4 uncursed tripe rations an uncursed scroll of amnesia a cursed scroll of amnesia 2 blessed scrolls of blank paper 6 uncursed scrolls of blank paper a cursed scroll of blank paper a blessed scroll of charging a cursed scroll of charging an uncursed scroll of confuse monster a blessed scroll of create monster 3 uncursed scrolls of create monster a cursed scroll of create monster 2 uncursed scrolls of earth a cursed scroll of enchant armor an uncursed scroll of enchant weapon an uncursed scroll of food detection a cursed scroll of identify a blessed scroll of light an uncursed scroll of light a cursed scroll of remove curse 2 uncursed scrolls of scare monster 2 uncursed scrolls of stinking cloud 3 uncursed scrolls of teleportation a cursed scroll of teleportation an uncursed spellbook of sleep a blessed potion of acid an uncursed potion of acid 2 cursed potions of blindness 2 uncursed potions of booze 2 uncursed potions of extra healing a blessed potion of gain energy an uncursed potion of hallucination an uncursed potion of healing 7 potions of holy water 2 cursed potions of object detection a blessed potion of see invisible a cursed potion of see invisible an uncursed potion of water a cursed ring of aggravate monster a cursed -4 ring of gain constitution a cursed +1 ring of gain strength an uncursed ring of protection from shape changers an uncursed ring of stealth an uncursed ring of warning a cursed ring of warning an uncursed oil lamp (0:385) a cursed skeleton key a +0 unicorn horn a +0 unicorn horn Spells and supernatural/magical abilities: Name Level Category Fail Memory W - pray for help -- divine ? -- Your skills at the end: Fighting Skills bare handed combat [Basic] Weapon Skills axe [Basic] short sword [Basic] long sword [Skilled] Spellcasting Skills Final Attributes: You were piously aligned. You were fire resistant. You were cold resistant. You were poison resistant. You were magic-protected. You saw invisible. You were telepathic. You were warned. You had teleport control. You were levitating. You could survive without air. You were fast. You had reflection. You had free action. You were extremely lucky. You had extra luck. Bad luck did not time out for you. Good luck did not time out for you. You are dead. Vanquished creatures: Medusa a titan a glass golem 2 red dragons an orange dragon 2 green dragons 4 minotaurs 4 stone golems a titanothere a baby yellow dragon 2 guardian nagas 3 nurses 2 ice devils 2 Aleaxes a golden naga 2 ghosts 3 lieutenants a queen bee a giant mimic a zruty a fire giant an ogre king 6 ice trolls 2 flesh golems 2 large mimics 2 long worms a couatl 3 stalkers 2 air elementals 2 hill giants a giant mummy 2 xorns 3 sergeants 3 wargs 3 winter wolves 4 small mimics 2 warhorses 2 xans 2 ettin mummies an ogre lord 3 quantum mechanics a troll a sasquatch 2 wood golems 2 sharks 3 gelatinous cubes 3 pyrolisks a large dog 3 flaming spheres a shocking sphere 3 large cats a tiger 2 gargoyles 2 dwarf kings 4 tengu an ochre jelly 2 leocrottas 5 mountain centaurs 3 stone giants an elf mummy a human mummy 3 pit vipers 2 cobras a wraith a carnivorous ape 24 soldiers a succubus 2 crocodiles 5 giant beetles 3 quivering blobs 4 cockatrices 14 wolves a winter wolf cub a lynx a gremlin a spotted jelly 8 leprechauns an orc-captain 2 iron piercers a mumak 6 giant spiders 3 scorpions 3 horses an ice vortex 2 black lights 2 vampire bats a forest centaur 4 gnome kings 4 dwarf mummies 4 ogres 11 brown puddings 6 rust monsters 2 owlbears 3 yetis a gold golem 5 werewolves 3 Green-elves 5 giant eels 2 lizards a dingo 6 jaguars 2 dwarf lords a blue jelly a white unicorn 2 gray unicorns 4 dust vortices 2 ravens a plains centaur a gnome mummy 3 snakes 11 apes a human zombie a rope golem 5 soldier ants a fire ant an imp a quasit a water nymph 29 Mordor orcs 5 Uruk-hai an orc shaman 3 rock piercers 2 rock moles 2 ponies 3 fog clouds 5 yellow lights 5 shriekers 3 violet fungi 16 gnome lords 4 gnomish wizards 2 kobold mummies a red naga hatchling a golden naga hatchling 3 gray oozes a barrow wight 5 elf zombies 2 ghouls a straw golem 2 paper golems 2 baby crocodiles 11 giant ants 2 little dogs 6 floating eyes a kitten 21 dwarves 2 homunculi 2 kobold shamans 12 hill orcs 11 rothes 2 rabid rats 3 centipedes 2 giant bats 3 monkeys 3 orc zombies 5 dwarf zombies 2 wererats a werejackal 5 iguanas 35 killer bees 4 acid blobs 7 coyotes 3 gas spores 2 hobbits 3 manes 2 large kobolds 6 hobgoblins 11 giant rats a cave spider 2 brown molds a yellow mold 4 green molds a red mold 51 gnomes 3 garter snakes 2 gnome zombies 6 geckos 23 jackals 5 foxes 3 kobolds 5 goblins 12 grid bugs 6 bats 6 lichens 14 newts 726 creatures vanquished. Genocided species: hobbits dwarves bugbears dwarf lords dwarf kings mind flayers master mind flayers liches demiliches master liches arch-liches 11 species genocided. Voluntary challenges: You had been an atheist until turn 1886. You used a wielded weapon 1713 times, starting on turn 34. You read items or engraved 63 times, starting on turn 176. You genocided 11 types of monsters, starting on turn 9570. You never polymorphed an object. You never changed form. You used 7 wishes, starting on turn 5649. You wished for your your first artifact on turn 5667. You split 8 puddings, starting on turn 15408. You wrote Elbereth's name 44 times, starting on turn 176. You violated your moral code, losing 190 points of alignment, starting on turn 15033. Dungeon overview: The Dungeons of Doom: levels 1 to 26 Level 1 a long staircase Level 2 a wand shop, a fountain Level 3 an armor shop stairs to The Gnomish Mines Level 4 Level 5 a general store, a sink Level 6 Level 7 some fountains, a sink Level 8 Level 9 some fountains Level 10 a general store, an altar to Set stairs to Sokoban Level 11 Level 12 some fountains Level 13 some fountains Level 14 some altars to Mitra and Crom, a fountain Level 15 Level 16 a fountain, a sink Level 17 a fountain Level 18 Level 19 a fountain Level 20 Level 21 Level 22 a fountain Level 23 Level 24 Level 25 Level 26 <- You were here a fountain, a throne The Gnomish Mines: levels 4 to 10 Level 4 stairs to The Dungeons of Doom Level 5 Level 6 many shops, a temple to Crom, some fountains Level 7 Level 8 Level 9 Level 10 Sokoban: levels 6 to 9 Level 6 Level 7 Level 8 Level 9 stairs to The Dungeons of Doom History has recorded: On T:1 you entered the Dungeons of Doom to retrieve the Amulet of Yendor! On T:200 you reached level 2 of The Dungeons of Doom. On T:235 you reached level 3 of The Dungeons of Doom. On T:750 you reached level 4 of The Dungeons of Doom. On T:902 you advanced to experience level 2. On T:1267 you reached level 1 of The Gnomish Mines. On T:1285 you advanced to experience level 3. On T:1327 you reached level 2 of The Gnomish Mines. On T:1351 you advanced to experience level 4. On T:1500 you advanced to experience level 5. On T:1620 you reached level 3 of The Gnomish Mines. On T:1831 you advanced to experience level 6. On T:2714 you reached level 4 of The Gnomish Mines. On T:2783 you advanced to experience level 7. On T:3943 you reached level 5 of The Dungeons of Doom. On T:4176 you reached level 6 of The Dungeons of Doom. On T:4731 you reached level 7 of The Dungeons of Doom. On T:4976 you reached level 8 of The Dungeons of Doom. On T:5006 you reached level 9 of The Dungeons of Doom. On T:5649 you wished for "2 blessed scrolls of charging". On T:5650 you wished for "blessed fixed +3 silver dragon scale mail". On T:5664 you wished for "blessed fixed +3 cloak of magic resistance". On T:5667 you wished for "blessed fixed master key of thievery". On T:5668 you wished for "blessed greased bag of holding". On T:5739 you advanced to experience level 8. On T:6524 you reached level 5 of The Gnomish Mines. On T:6968 you reached level 6 of The Gnomish Mines. On T:7207 you reached level 7 of The Gnomish Mines. On T:7264 you advanced to experience level 9. On T:8531 you reached level 10 of The Dungeons of Doom. On T:8629 you reached level 4 of Sokoban. On T:9080 you reached level 11 of The Dungeons of Doom. On T:9300 you reached level 12 of The Dungeons of Doom. On T:9333 you reached level 13 of The Dungeons of Doom. On T:9569 you wished for "2 blessed scrolls of genocide". On T:10500 you advanced to experience level 10. On T:10875 you reached level 14 of The Dungeons of Doom. On T:11142 you reached level 15 of The Dungeons of Doom. On T:11399 you reached level 16 of The Dungeons of Doom. On T:11657 you reached level 17 of The Dungeons of Doom. On T:11686 you reached level 18 of The Dungeons of Doom. On T:12188 you reached level 19 of The Dungeons of Doom. On T:12569 you reached level 20 of The Dungeons of Doom. On T:12728 you reached level 21 of The Dungeons of Doom. On T:12760 you reached level 22 of The Dungeons of Doom. On T:13295 you reached level 23 of The Dungeons of Doom. On T:13509 you reached level 24 of The Dungeons of Doom. On T:16175 you advanced to experience level 11. On T:18103 you reached level 3 of Sokoban. On T:18763 you reached level 2 of Sokoban. On T:19182 you reached level 1 of Sokoban. On T:20024 you reached level 25 of The Dungeons of Doom. On T:20073 you killed Medusa on level 24 of The Dungeons of Doom. On T:20950 you wished for "blessed fixed +3 frost brand". On T:21395 you reached The Castle. On T:21644 you advanced to experience level 12. Score breakdown: Gold: 10567 (13688 points) Experience: 12 levels (18476 points) Exploration: 26 levels ( 52.00%) (21428 points) Discoveries: 76 items ( 30.89%) (16674 points) Valuables value: (no points given unless you survive) Artifact value: 6500 (12970 points) Variety of kills: 184 monsters ( 48.29%) (20848 points) Turncount: 22985 turns (-3608 points) Survival: died (score multiplied by 80%) Total score: 80380 Latest messages: It hits! (2x) It bites! It hits! (2x) It bites! It hits! It just misses! It misses. It hits! (2x) It bites! It hits! It just misses! It bites! It hits! It misses. It just misses! It hits! (2x) It bites! It hits! (2x) It bites! It hits! (2x) You die... Final status: Goodbye Nobbs the Barbarian, killed by a troll, while fainted from lack of food... You died in The Dungeons of Doom on dungeon level 26 with 80380 points, and 10567 pieces of gold, after 22985 moves. You were level 12 with a maximum of 122 hit points when you died.